 Dungeon Crawl Stone Soup version 0.28.0-45-g0d030f2227 (webtiles) character file.

Game seed: 14161361790752893650

882 Jerry the Chucker (level 7, -2/60 (68) HPs)
             Began as a Troll Hunter on Apr 8, 2022.
             Slain by a killer bee (4 damage)
             ... on level 5 of the Dungeon.
             The game lasted 00:16:44 (5593 turns).

Jerry the Chucker (Troll Hunter)                    Turns: 5593, Time: 00:16:45

HP:   -2/60 (68)    AC:  5    Str: 21    XL:     7   Next: 76%
MP:   6/6           EV: 10    Int:  7    God:
Gold: 257           SH:  0    Dex: 12    Spells: 6/6 levels left

rFire   . . .      SeeInvis +   o - +3 spear (freeze)
rCold   . . .      Faith    .   (no shield)
rNeg    . . .      Spirit   .   b - +1 robe
rPois   .          Reflect  .   (helmet restricted)
rElec   .          Harm     .   f - scarf {+Inv}
rCorr   .          Rampage  .   (gloves unavailable)
Will    .....                   (boots unavailable)
Stlth   +.........              (no amulet)
HPRegen 1.00/turn               u - ring of see invisible
MPRegen 0.10/turn               (no ring)

@: lethally poisoned (-2 -> -11), heavily drained
A: large, unfitting armour, claws 3, regeneration 1, shaggy fur 1, tough skin 1
a: Evoke Invisibility


You were on level 5 of the Dungeon.
You visited 1 branch of the dungeon, and saw 6 of its levels.

You collected 257 gold pieces.

Inventory:

Hand Weapons
 h - a +0 whip
 o - a +3 spear of freezing (weapon)
 t - a +0 giant spiked club
Missiles
 c - 7 large rocks (quivered)
 d - 2 throwing nets
Armour
 b - a +1 robe (worn)
 f - a scarf of invisibility (worn)
Jewellery
 u - a ring of see invisible (left claw)
Wands
 a - a wand of iceblast (13)
 i - a wand of mindburst (16)
Scrolls
 g - 5 scrolls of identify {unknown}
 j - 2 scrolls of immolation {unknown}
 n - a scroll of teleportation {unknown}
 p - a scroll of magic mapping {unknown}
 q - a scroll of summoning {unknown}
 v - a scroll of fear {unknown}
 w - 2 scrolls of silence {unknown}
Potions
 e - a potion of might
 l - a potion of brilliance
 r - 2 potions of ambrosia


   Skills:
 + Level 3.7 Fighting
 * Level 4.6 Maces & Flails
 + Level 5.1 Throwing
 + Level 3.6 Dodging
 - Level 0.3 Stealth


You had 6 spell levels left.
You didn't know any spells.
Your spell library contained the following spells:

 Spells                   Type           Power      Damage    Failure   Level
 Animate Skeleton         Necr           0%         N/A       43%         1
 Magic Dart               Conj           0%         1d3       43%         1
 Pain                     Necr           0%         1d4       43%         1
 Searing Ray              Conj           0%         2d4       56%         2
 Vampiric Draining        Necr           0%         2d6       80%         3
 Fulminant Prism          Conj/Hex       0%         3d6       99%         4


Dungeon Overview and Level Annotations

Branches:
Dungeon (6/15)
 Temple: D:4-7

Altars:
Ashenzari
Nemelex Xobeh
Beogh

Annotations:
D:4 3 runed translucent doors, Sobaton's ghost, novice DsFi


Innate Abilities, Weirdness & Mutations

You are too large for most types of armour.
You have claws for hands.
Your natural rate of healing is unusually fast.
You are covered in fur. (AC +1)
You have tough skin. (AC +1)


Message History

Done exploring.
Done exploring.
There is a stone staircase leading down here.
You can't go up here!
You climb downwards.
The killer bee barely misses you.
A wyvern zombie comes into view.
The wight hits you with a +4 battleaxe!
You feel drained.
The killer bee stings you but does no damage.
The wight closely misses you.
The howler monkey hoots and howls with incredible vigour!
The wight hits you with a +4 battleaxe!
You feel drained.
The killer bee stings you but does no damage.
You hear an angry hiss.
You hear a shout! x2
There is a stone staircase leading up here.
The killer bee closely misses you. The wight hits you with a +3 battleaxe!
You feel drained. The wight hits you with a +4 battleaxe.
* * * LOW HITPOINT WARNING * * *
You feel drained.
* * * LOW HITPOINT WARNING * * *
The killer bee stings you.
* * * LOW HITPOINT WARNING * * *
You are poisoned.
The killer bee poisons you!
You climb upwards.
You feel very sick.
There is a stone staircase leading down here.
You feel sick. The killer bee barely misses you. The wight barely misses you.
The killer bee stings you.
* * * LOW HITPOINT WARNING * * *
You are more poisoned.
The killer bee poisons you!
You feel very sick. The killer bee stings you.
* * * LOW HITPOINT WARNING * * *
You are lethally poisoned!
The killer bee poisons you! The killer bee completely misses you.
* * * LOW HITPOINT WARNING * * *
You feel very sick. The killer bee stings you.
You die...

###....## #.## #.####...........
##.##..####..###..##...#........
#..####...........#..####.......
##.## #.........#...## #.......
#.## ##...##....###..# ##.####..
...# ##..#.####.z###..###..# ##.
##.###..##..####..........## ##
#..#..###....##yz###....## #
#....###.......@## #....## ##
##..####.....#..# #.....## #.
##......##......####......#####.
##......###..................##.#
#..#####.##......#####..........#
..### #.........# #..........#
....## #.........# ##.........##
.....###.........# #>###.......#
..###....#####...# #.# #........


You could see a killer bee and 2 wights.

Vanquished Creatures
  2 ogres
  A scorpion (D:5)
  The ghost of Olga the Ruffian, a weakling HOFi (D:3)
  2 killer bees (D:5)
  4 wights (D:3)
  A hound (D:5)
  2 iguanas (D:5)
  A hound zombie (D:5)
  A howler monkey skeleton (D:5)
  3 gnolls (D:4)
  11 adders
  An ufetubus (D:5)
  2 adder skeletons (D:4)
  2 worms
  3 dart slugs
  6 orcs
  5 ball pythons
  5 bats
  5 endoplasms
  3 giant cockroaches
  10 goblins
  11 hobgoblins
  8 jackals
  2 quokkas (D:2)
  7 frilled lizards
  6 kobolds
  6 rats
111 creatures vanquished.

Vanquished Creatures (others)
  7 plants
7 creatures vanquished.

Grand Total: 118 creatures vanquished

Notes
Turn   | Place    | Note
-------+----------+-------------------------------------------
     0 | D:1      | Jerry the Troll Hunter began the quest for the Orb.
     0 | D:1      | Reached XP level 1. HP: 19/19 MP: 0/0
   234 | D:1      | Reached XP level 2. HP: 28/28 MP: 1/1
   754 | D:2      | Reached XP level 3. HP: 15/35 MP: 2/2
   933 | D:2      | Reached skill level 1 in Maces & Flails
   969 | D:2      | Reached skill level 4 in Throwing
  1408 | D:3      | Reached XP level 4. HP: 28/42 MP: 3/3
  1704 | D:3      | Reached XP level 5. HP: 50/50 MP: 4/4
  1825 | D:3      | Reached XP level 6. HP: 58/59 MP: 5/5
  1990 | D:3      | Found a runed translucent door.
  2444 | D:3      | Noticed Olga's ghost (weakling HOFi)
  2975 | D:4      | Found a sparkling altar of Nemelex Xobeh.
  3054 | D:4      | Found a runed translucent gate.
  3054 | D:4      | Found a runed translucent gate.
  3054 | D:4      | Found a runed translucent gate.
  3054 | D:4      | Noticed Sobaton's ghost (novice DsFi)
  3541 | D:5      | Entered Level 5 of the Dungeon
  3852 | D:5      | Reached XP level 7. HP: 67/67 MP: 6/6
  4032 | D:5      | Found a broken altar of Ashenzari.
  4476 | D:5      | Reached skill level 5 in Throwing
  5107 | D:3      | Killed Olga's ghost
  5281 | D:5      | HP: 3/67 [poisoned by a killer bee]
  5282 | D:5      | HP: 1/67 [poisoned by a killer bee]
  5593 | D:5      | HP: 2/60 [poisoned by a killer bee]
  5593 | D:5      | Slain by a killer bee

Illustrated notes

Levels and vault maps discovered:
D:1:      ebering_trefoil_3fold, layout_basic, minmay_parallelograms,
          serial_park_tiny_2, serial_bayou_ford_a
D:2:      layout_loops_cross
D:3:      corexii_shack_village, layout_basic, gammafunk_ghost_grave,
          minmay_fractal_squares_diagonal_5
D:4:      layout_basic, nemelex_diamond_rough_becter,
          biasface_ghost_orc_armoury, serial_bayou_lagoon_b,
          uniq_crazy_yiuf_cottage
D:5:      layout_layer_cave, ashenzari_altar_1
D:6:      layout_cave_pools, mainiacjoe_overflow_six_doors_small,
          minmay_temple_entry_trees

Skill      XL: |  1  2  3  4  5  6  7 |
---------------+----------------------+-----
Fighting       | 2 3 |  3.7
Dodging        | 2 3 |  3.6
Maces & Flails | 1 2 3 4 |  4.6
Throwing       | 4 5 |  5.1
Stealth        | |  0.3

Action                   |  1- 3 |  4- 6 |  7- 9 || total
-------------------------+-------+-------+-------++-------
Melee: Short sword       |    56 |       |       ||    56
       Dagger            |    70 |    52 |       ||   122
       Punch             |     1 |     3 |     1 ||     5
       Spear             |       |   126 |    70 ||   196
Throw: Large rock        |       |     9 |       ||     9
       Throwing net      |       |     2 |       ||     2
  Use: Scroll            |       |     2 |       ||     2
       Potion            |       |       |     7 ||     7
 Stab: Sleeping          |     1 |     2 |     3 ||     6
Armor: Robe              |    57 |    43 |    28 ||   128
       Skin              |       |       |    11 ||    11
Dodge: Dodged            |    70 |    72 |    71 ||   213
